 Seeded DCSS version 0.30-a0-360-g447f08457e (webtiles) character file.

Game seed: 10165909396225639510 (custom seed)

13 innerfire433 the Trooper (level 2, -4/24 HPs)
             Began as a Demonspawn Monk on Nov 14, 2022.
             Was the Champion of Ignis.
             Slain by a goblin
             ... wielding a +2 dagger of electrocution
              (11 damage)
             ... on level 1 of the Dungeon.
             The game lasted 00:00:58 (280 turns).

innerfire433 the Trooper (Demonspawn Monk)           Turns: 280, Time: 00:00:58

Health: -4/24      AC: 10    Str: 11    XL:     2   Next: 24%
Magic:  2/2        EV:  2    Int: 11    God:    Ignis [******]
Gold:   10         SH:  0    Dex: 15    Spells: 1/1 levels left

rFire   + . .      SeeInvis .    a - +0 hand axe
rCold   . . .      Faith    .    (no shield)
rNeg    . . .      Spirit   .    e - +0 plate armour
rPois   .          Reflect  .    (no helmet)
rElec   .          Harm     .    (no cloak)
rCorr   .          Rampage  .    (no gloves)
Will    .....                    (no boots)
Stlth   ..........               (no amulet)
HPRegen 0.24/turn                (no ring)
MPRegen 0.16/turn                (no ring)

@: confused, ambrosia-drunk
A: magic regeneration
a: Renounce Religion, Fiery Armour, Foxfire Swarm, Rising Flame


You were on level 1 of the Dungeon.
You worshipped Ignis.
Ignis was exalted by your worship.
You visited 1 branch of the dungeon, and saw 1 of its levels.

You collected 10 gold pieces.

Inventory:

Hand Weapons
 a - a +0 hand axe (weapon)
Armour
 b - a +0 robe
 e - a +0 plate armour (worn)
Potions
 c - a potion of ambrosia
 d - a potion of invisibility {unknown}
 f - a potion of resistance {unknown}
 g - 2 potions of degeneration {unknown}


   Skills:
 * Level 3.4 Fighting
 - Level 2.6 Axes
 * Level 1.1 Armour
 - Level 2.6 Dodging
 - Level 1.7 Stealth


You had one spell level left.
You didn't know any spells.
Your spell library was empty.

Dungeon Overview and Level Annotations

Branches:
Dungeon (1/15)

Altars:
Ignis


Innate Abilities, Weirdness & Mutations

You regenerate magic rapidly.


Message History

Found a human skeleton.
f - a purple potion
Found a stone staircase leading down.
g - 2 smoky blue potions A hobgoblin comes into view.
The hobgoblin shouts!
A hobgoblin is nearby!
A hobgoblin is nearby!
A rat comes into view.
The hobgoblin hits you but does no damage.
You hit the hobgoblin.
You kill the hobgoblin!
The rat bites you but does no damage.
You barely miss the rat. The rat bites you.
You hit the rat.
You kill the rat!
No target in view!
No target in view!
You see here a staff of cold.
A goblin comes into view.
It is wielding a +2 dagger of electrocution.
The goblin shouts!
A goblin is nearby!
You barely miss the goblin. The goblin hits you but does no damage.
You barely miss the goblin. The goblin hits you but does no damage.
You are electrocuted!
You hit the goblin.
The goblin is moderately wounded.
The goblin hits you but does no damage.
You hit the goblin but do no damage.
The goblin is moderately wounded.
The goblin hits you but does no damage.
You are electrocuted!
* * * LOW HITPOINT WARNING * * *
The goblin hits you but does no damage.
You are too injured to fight recklessly!
You are confused.
You feel invigorated.
The goblin hits you with a +2 dagger of electrocution.
* * * LOW HITPOINT WARNING * * *
You are electrocuted!
You die...

#.##### #.#.# ####....#≈#..
#.....# #.#.# #÷'....≈_≈..
#.###.# #.#.# ###....#≈#..
#.# #.###.#.#####.#.........
#.###.............##........
#.|.........#########.......
###########.# ####'### #.#
#_# #@# ### #.g.# ###.# ...
###


You could see a goblin.

Vanquished Creatures
  2 dart slugs (D:1)
  A bat (D:1)
  An endoplasm (D:1)
  A giant cockroach (D:1)
  A hobgoblin (D:1)
  A ball python (D:1)
  2 rats (D:1)
9 creatures vanquished.

Notes
Turn   | Place    | Note
-------+----------+-------------------------------------------
     0 | D:1      | innerfire433 the Demonspawn Monk began the quest for the
                  | Orb.
     0 | D:1      | Reached XP level 1. HP: 18/18 MP: 1/1
   157 | D:1      | Gained mutation: You regenerate magic rapidly. [demonic
                  | ancestry]
   157 | D:1      | Reached XP level 2. HP: 16/24 MP: 2/2
   158 | D:1      | Reached skill level 1 in Armour
   202 | D:1      | Found a faded altar of an unknown god.
   210 | D:1      | Prayed at the altar of an unknown god.
   210 | D:1      | Became a worshipper of Ignis, the Dying Flame
   210 | D:1      | Reached ****** piety under Ignis
   280 | D:1      | Slain by a goblin

Illustrated notes

Levels and vault maps discovered:
D:1:      dpeg_arrival_oval, layout_loops_ring,
          hellmonk_ecumenical_altar_defaced_shrine, dk_noncrumbling_4

Skill      XL: |  1  2 |
---------------+-------+-----
Armour         | 1 |  1.1
Fighting       | |  3.4
Axes           | |  2.6
Dodging        | |  2.6
Stealth        | |  1.7

Action                   || total
-------------------------++-------
Melee: Hand axe          ||    36
       Punch             ||     1
  Use: Potion            ||     1
Armor: Plate armour      ||    30
       Robe              ||     2
Dodge: Dodged            ||     4

Table legend: (Time is in decaauts)
 A = Elapsed time spent in this place.
 B = Non-inter-level travel time spent in this place.
 C = Inter-level travel time spent in this place.
 D = Time resting spent in this place.
 E = Time spent auto-exploring this place.
 F = Levels seen in this place.
 G = Mean time per level.
                   A        B        C        D        E       F      G
               +--------+--------+--------+--------+--------+-----+--------+
         Total |    286 |    264 |     22 |      0 |    171 |   1 |  286.0 |
       Dungeon |    286 |    264 |     22 |      0 |    171 |   1 |  286.0 |
               +--------+--------+--------+--------+--------+-----+--------+

Top non-repeatable levels by time:
     D:1: 286 daAuts
